 Dungeon Crawl Stone Soup version 0.25-a0-842-g81a31cfd23 (webtiles) character file.

Game seed: 3482445101038390422, levelgen mode: deterministic

229 Maedhros the Shield-Bearer (level 6, 0/42 HPs)
             Began as an Octopode Fighter on Apr 25, 2020.
             Slain by an orc
             ... wielding a +0 vampiric dagger
              (5 damage)
             ... on level 4 of the Dungeon.
             The game lasted 00:03:03 (2114 turns).

Maedhros the Shield-Bearer (Octopode Fighter)       Turns: 2114, Time: 00:03:03

Health: 0/42       AC:  1    Str: 15    XL:     6   Next: 3%
Magic:  15/15      EV: 12    Int: 10    God:
Gold:   103        SH:  9    Dex: 14    Spells: 5/5 levels left

rFire    . . .     SeeInvis .   a - +0 trident
rCold    . . .     Gourm    .   b - +0 kite shield
rNeg     . . .     Faith    .   (helmet restricted)
rPois    .         Spirit   .   (no amulet)
rElec    .         Reflect  .   l - ring of magical power
rCorr    .         Harm     .   k - ring of wizardry
MR       .....                  (no ring)
Stlth    ++........             (no ring)
HPRegen  0.14/turn              (no ring)
MPRegen  0.14/turn              (no ring)
                                (no ring)
                                (no ring)

@: lethally poisoned (0 -> -17)
A: almost no armour, stealthy swim, amphibious, 8 rings, constrict 8, camouflage
1, gelatinous body 1
a: no special abilities


You were on level 4 of the Dungeon.
You were hungry.

You visited 1 branch of the dungeon, and saw 4 of its levels.

You collected 103 gold pieces.

Inventory:

Hand Weapons
 a - a +0 trident (weapon)
Armour
 b - a +0 kite shield (worn)
Jewellery
 k - a ring of wizardry (right tentacle)
 l - a ring of magical power (left tentacle)
Scrolls
 e - a scroll of identify
 g - a scroll of noise
 i - a scroll of blinking {unknown}
 m - a scroll of magic mapping {unknown}
 n - a scroll of enchant armour {unknown}
 p - 2 scrolls of remove curse
 q - a scroll of teleportation {unknown}
 r - a scroll of immolation {unknown}
Comestibles
 d - 6 rations


   Skills:
 - Level 3.0 Fighting
 + Level 4.4 Polearms
 - Level 3.0 Dodging
 + Level 5.0 Shields


You had 5 spell levels left.
You didn't know any spells.
Your spell library was empty.

Dungeon Overview and Level Annotations

Branches:
Dungeon (4/15)
 Temple: D:4-7

Altars:
Trog

Annotations:
D:3 Robin
D:4 Dowan, Duvessa


Innate Abilities, Weirdness & Mutations

You cannot wear most types of armour.
You are very stealthy in the water. (Stealth+)
You are amphibious.
You can wear up to eight rings at the same time.
You can use your tentacles to constrict eight enemies at once.
Your skin changes colour to match your surroundings (Stealth+).
Your rubbery body absorbs attacks. (AC +1, EV +1)


Message History

You block the orc's attack.
Dowan hits you with a +0 dagger of venom.
* * * LOW HITPOINT WARNING * * *
You are lethally poisoned!
Unknown command.
Unknown command.
Unknown command.
You aren't carrying any potions.
As you read the scroll labeled GUASTE SETRUTAOM, it crumbles to dust.
You feel blessed for a moment.
It was a scroll of remove curse.
* * * LOW HITPOINT WARNING * * *
You feel sick. You block the orc's attack. Dowan hits you but does no damage.
You are more poisoned.
As you read the scroll labeled NAGUGIT VAJUA, it crumbles to dust.
It is a scroll of identify.
g - a scroll of noise
* * * LOW HITPOINT WARNING * * *
You feel sick.
The orc hits you with a +0 vampiric dagger.
You die...

.......... ....#
..........###...#
..........).....###
..$........<......#
#.........#........
...........###.....
##.........## #..#
......ee....# ##
..o.o.o@...##
.#.........#
###......##
####....# #..###
####


You could see Duvessa, Dowan and 3 orcs.

Vanquished Creatures
  Menkaure (D:4)
  An orc wizard (D:3)
  2 adders (D:2)
  An ooze (D:2)
  2 worms (D:3)
  A dart slug (D:1)
  A leopard gecko (D:3)
  6 orcs (D:3)
  4 bats
  2 giant cockroaches (D:1)
  3 goblins
  5 hobgoblins
  8 kobolds
  A quokka (D:3)
  3 frilled lizards
  4 rats
45 creatures vanquished.

Notes
Turn   | Place    | Note
-------+----------+-------------------------------------------
     0 | D:1      | Maedhros the Octopode Fighter began the quest for the Orb.
     0 | D:1      | Reached XP level 1. HP: 16/16 MP: 1/1
   235 | D:1      | Reached XP level 2. HP: 15/21 MP: 2/2
   908 | D:2      | Reached XP level 3. HP: 21/26 MP: 3/3
  1644 | D:3      | Found a bloodstained altar of Trog.
  1649 | D:3      | Reached skill level 4 in Shields
  1649 | D:3      | Reached XP level 4. HP: 31/31 MP: 4/4
  2021 | D:3      | Noticed Robin
  2090 | D:4      | Noticed Menkaure
  2096 | D:4      | Noticed Dowan
  2108 | D:4      | Killed Menkaure
  2108 | D:4      | Reached skill level 5 in Shields
  2108 | D:4      | Reached XP level 5. HP: 14/36 MP: 5/5
  2108 | D:4      | Reached XP level 6. HP: 16/42 MP: 6/6
  2108 | D:4      | Noticed Duvessa
  2114 | D:4      | Slain by an orc

Levels and vault maps discovered:
D:1:      dpeg_arrival_windows_large_door, layout_loops_cross
D:2:      layout_rooms
D:3:      layout_loops_ring, first_ration, trog_butcher_becter, uniq_robin
D:4:      layout_cave_pools, minmay_temple_entry_large_hall, uniq_menkaure,
          uniq_duvessa, uniq_natasha

Skill      XL: |  1  2  3  4 |
---------------+-------------+-----
Polearms       | 3 4 |  4.4
Shields        | 4 5 |  5.0
Fighting       | |  3.0
Dodging        | |  3.0

Action                   |  1- 3 |  4- 6 || total
-------------------------+-------+-------++-------
Melee: Trident           |    71 |    45 ||   116
       Tentacles         |     7 |     2 ||     9
       Constrict         |     7 |     8 ||    15
  Use: Potion            |       |     4 ||     4
       Scroll            |       |     2 ||     2
 Stab: Sleeping          |     6 |     2 ||     8
  Eat: Chunk             |     2 |     1 ||     3
Armor: Skin              |     2 |     8 ||    10
Dodge: Dodged            |    19 |     7 ||    26
Block: Kite shield       |    34 |    14 ||    48

Table legend:
 A = Non-vault XP
 B = Vault XP
 C = Vault XP percentage of total XP
 D = Non-vault monster count
 E = Vault monster count
 F = Vault count percentage of total count
                 A         B        C        D         E       F
            +---------+---------+-------+---------+---------+-------
      Total |     142 |     186 |  56.7 |      39 |       6 |  13.3
            +---------+---------+-------+---------+---------+-------
        D:1 |      22 |       0 |   0.0 |      13 |       0 |   0.0
        D:2 |      50 |       0 |   0.0 |      12 |       0 |   0.0
        D:3 |      69 |       9 |  11.5 |      13 |       4 |  23.5
        D:4 |       1 |     177 |  99.4 |       1 |       2 |  66.7
            +---------+---------+-------+---------+---------+-------
